Map: Orbital Shipyard

Players

wabbajack - Winner!

  • Race: Terran Terran
  • League: Gold

VOD

Have the link to the VOD?

Description

Time

  • Played on: July 17, 2015, 11:59 a.m.
  • Length: 7:45
Show
View Real Time Build Order
Export as new Build Order

wabbajack Terran - Winner!

Build Orders: MMM Bio 

Get SALT Encoding   

  12  0:02  SCV  
  12  0:14  SCV  
  12  0:20  Supply Depot  
  12  0:26  SCV  
  12  0:41  SCV  
  12  0:53  SCV  
  12  1:01  Command Center  
  12  1:06  SCV  
  12  1:15  Barracks  
  12  1:18  SCV  
  12  1:25  Refinery  
  12  1:30  SCV  
  12  1:34  Refinery  
  12  1:42  SCV  
  12  1:54  SCV  
  12  2:03  Marine  
  12  2:08  Orbital Command  
  12  2:13  Orbital Command  
  12  2:20  Factory  
  12  2:32  Barracks  
  12  2:39  SCV  
  12  2:40  SCV  
  12  2:48  Barracks Reactor  
  12  2:54  Barracks  
  12  2:55  SCV x2  
  12  3:16  Factory Reactor  
  12  3:20  Barracks Tech Lab  
  12  3:27  Engineering Bay  
  12  3:30  SCV  
  12  3:31  Supply Depot, SCV  
  12  3:32  Supply Depot  
  12  3:34  Marine x2  
  12  3:41  Starport  
  12  3:43  SCV x2  
  12  3:46  Armory  
  12  3:53  Barracks Reactor  
  12  3:54  Hellion  
  12  3:55  SCV x2, Hellion, Marine  
  12  3:56  Marine  
  12  3:57  Marine  
  12  4:03  Combat Shields  
  12  4:09  Supply Depot  
  12  4:10  SCV  
  12  4:11  Supply Depot  
  12  4:12  SCV  
  12  4:16  Terran Infantry Weapons Level 1  
  12  4:19  Marine x2  
  12  4:20  Marine  
  12  4:25  Medivac  
  12  4:31  Hellion x2  
  12  4:36  SCV x2  
  12  4:42  Marine x2  
  12  4:44  Marine  
  12  4:48  SCV x2  
  12  4:53  Liberator  
  12  5:00  SCV x2  
  12  5:01  Supply Depot  
  12  5:04  Supply Depot  
  12  5:10  Medivac  
  12  5:19  Hellion, Marine  
  12  5:23  Hellion, Marine x3  
  12  5:25  Supply Depot  
  12  5:28  Supply Depot  
  12  5:33  Stimpack  
  12  5:45  Marine x2  
  12  5:46  Marine  
  12  5:47  Marine  
  12  5:48  Hellion x2  
  12  5:49  Supply Depot  
  12  5:50  Medivac  
  12  5:52  Supply Depot  
  12  6:07  Barracks Tech Lab  
  12  6:08  Marine x2  
  12  6:09  Marine  
  12  6:10  Hellion x2  
  12  6:15  Refinery  
  12  6:16  Refinery  
  12  6:24  Command Center  
  12  6:28  Supply Depot  
  12  6:29  Command Center  
  12  6:30  Supply Depot  
  12  6:31  Medivac  
  12  6:33  Marine x3  
  12  6:34  Marine  
Tags
 
Add a new tag
Caveats
  • Supply blocks, unpowered buildings, or Contaminate may cause inaccurate times.
  • Supply counts are checked every 10 seconds.